 Dungeon Crawl Stone Soup version 0.21-a0-518-g43a1781948 (webtiles) character file.

2420 Nehle the Cleaver (level 9, -11/79 HPs)
             Began as a Minotaur Berserker on Nov 23, 2017.
             Was a High Priest of Trog.
             Mangled by a two-headed ogre
             ... wielding a +0 giant club
              (16 damage)
             ... on level 8 of the Dungeon on Dec 4, 2017.
             The game lasted 00:20:29 (5593 turns).

Nehle the Cleaver (Minotaur Berserker)              Turns: 5593, Time: 00:20:31

Health: -11/79     AC: 11    Str: 24    XL:     9   Next: 24%
Magic:  8/8        EV: 15    Int:  5    God:    Trog [*****.]
Gold:   347        SH:  0    Dex: 10    Spells: 8/8 levels left

rFire    . . .     SeeInvis .   G - +3 falchion (slice)
rCold    . . .     Gourm    .   (no shield)
rNeg     . . .     Faith    +   u - +3 robe of Clouds {+Fly rElec}
rPois    .         Spirit   .   (helmet restricted)
rElec    +         Reflect  .   y - +0 cloak
rCorr    +         Harm     .   w - +0 pair of gloves
MR       .....                  (no boots)
Stlth    ++........             l - amulet of faith
HPRegen  0.23/turn              q - +4 ring of protection
MPRegen  0.11/turn              I - ring of resist corrosion

@: berserk cooldown, starving, slowed, very slow
A: retaliatory headbutt, horns 2
a: Berserk, Trog's Hand, Brothers in Arms, Burn Spellbooks, Renounce Religion,
Evoke Flight


You were on level 8 of the Dungeon.
You worshipped Trog.
Trog was extremely pleased with you.
You were starving.

You visited 2 branches of the dungeon, and saw 9 of its levels.

You collected 347 gold pieces.

Inventory:

Hand Weapons
 a - a +0 hand axe
 F - a +5 short sword
 G - a +3 falchion of slicing (weapon)
Armour
 b - a +0 animal skin
 u - the +3 robe of Clouds (worn) {+Fly rElec}
   (You found it on level 4 of the Dungeon)

   It insulates you from electricity.
   It lets you fly.
 w - a +0 pair of gloves (worn)
 y - a +0 cloak (worn)
Jewellery
 l - an amulet of faith (around neck)
 p - an uncursed amulet of guardian spirit
 q - a +4 ring of protection (left hand)
 H - an uncursed ring of protection from fire
 I - a ring of resist corrosion (right hand)
Wands
 v - a wand of polymorph (17)
 A - a wand of random effects (27)
 J - a wand of flame (25)
Scrolls
 d - a scroll of enchant armour {unknown}
 e - 4 scrolls of noise {unknown}
 h - 2 scrolls of blinking {unknown}
 j - a scroll of enchant weapon {unknown}
 k - a scroll of random uselessness {unknown}
 m - 6 scrolls of identify
 o - 8 scrolls of remove curse
 r - 5 scrolls of teleportation {unknown}
 x - a scroll of fog {unknown}
 B - a scroll of torment {unknown}
Potions
 f - 2 potions of heal wounds {unknown}
 i - a potion of degeneration {unknown}
 n - a potion of agility {unknown}
 s - a potion of curing
 t - a potion of cancellation {unknown}
 z - a potion of mutation {unknown}
 C - 2 potions of flight {unknown}
 D - a potion of invisibility {unknown}
Comestibles
 c - 2 bread rations
 g - 3 meat rations
 E - 4 fruits


   Skills:
 + Level 7.5 Fighting
 + Level 1.0(1.1) Short Blades
 + Level 0.5(1.0) Long Blades
 + Level 10.6 Axes
 + Level 2.9 Armour
 + Level 6.7 Dodging
 + Level 3.3 Stealth


You had 8 spell levels left.
You didn't know any spells.

Dungeon Overview and Level Annotations

Branches:
Dungeon (8/15)             Temple (1/1) D:4
   Lair: D:8-11

Altars:
Ashenzari
Cheibriados
Elyvilon
Fedhas
Gozag
Hepliaklqana
Kikubaaqudgha
Makhleb
Nemelex Xobeh
Okawaru
Qazlal
Ru
Trog
Uskayaw
Vehumet
Wu Jian
Xom
Yredelemnul
Zin
The Shining One


Innate Abilities, Weirdness & Mutations

You reflexively headbutt those who attack you in melee.
You have a pair of horns on your head.


Message History

The two-headed ogre hits you with a giant club!
The two-headed ogre hits you with a giant club.
You hit the two-headed ogre. You headbutt the two-headed ogre.
The two-headed ogre is lightly wounded.
The two-headed ogre hits you with a giant club!
The two-headed ogre hits you with a giant club.
The two-headed ogre misses you. x2
You slash the two-headed ogre!
You headbutt the two-headed ogre, but do no damage.
The two-headed ogre is moderately wounded.
The two-headed ogre closely misses you.
The two-headed ogre hits you with a giant club.
You hit the two-headed ogre but do no damage.
The two-headed ogre is moderately wounded.
The two-headed ogre hits you with a giant club!!
The two-headed ogre barely misses you.
The two-headed ogre hits you with a giant club!!
* * * LOW HITPOINT WARNING * * *
The two-headed ogre hits you with a giant club!
You die...

########
##......##
##).......#
#§<))......
#.§........
#..@.......
#.§O..?....
#..........
#.[.......#
#..........
...........
##..........
#..........


You could see a two-headed ogre.

Vanquished Creatures
  The ghost of Veteran the Jinx, a novice SpEn (D:7)
  Sigmund (D:2)
  A water moccasin (D:5)
  An ice beast (D:7)
  5 ogres
  A sky beast (D:7)
  2 bullfrogs
  3 scorpions (D:4)
  4 wights (D:7)
  A crimson imp (D:5)
  3 hounds
  2 jellies
  4 orc priests
  4 orc wizards
  2 iguanas
  4 worker ants
  A worker ant zombie (D:6)
  7 adders
  A shadow imp (D:5)
  3 oozes
  6 worms
  4 dart slugs
  2 leopard geckos
  20 orcs
  A ball python (D:4)
  6 bats
  6 giant cockroaches
  12 goblins
  12 hobgoblins
  28 jackals
  4 quokkas
  4 frilled lizards
  5 kobolds
  A quokka skeleton (D:4)
  8 rats
170 creatures vanquished.

Notes
Turn   | Place    | Note
-------+----------+-------------------------------------------
     0 | D:1      | Nehle the Minotaur Berserker began the quest for the Orb.
     0 | D:1      | Reached XP level 1. HP: 19/19 MP: 0/0
    13 | D:1      | Reached XP level 2. HP: 22/27 MP: 1/1
    86 | D:1      | Reached skill level 4 in Axes
   680 | D:1      | Reached XP level 3. HP: 33/33 MP: 2/2
   890 | D:2      | Reached ** piety under Trog
   933 | D:2      | Noticed Sigmund
   942 | D:2      | Killed Sigmund
   942 | D:2      | Reached skill level 5 in Axes
   942 | D:2      | Reached XP level 4. HP: 34/41 MP: 3/3
   942 | D:2      | Reached XP level 5. HP: 39/47 MP: 4/4
  1095 | D:2      | Found a radiant altar of Vehumet.
  1115 | D:2      | Reached skill level 5 in Fighting
  1607 | D:2      | Found an ornate altar of the Wu Jian Council.
  1696 | D:2      | Reached skill level 6 in Axes
  1724 | D:2      | Reached XP level 6. HP: 38/56 MP: 5/5
  1883 | D:3      | Reached *** piety under Trog
  1894 | D:3      | Found an opulent altar of Gozag.
  1996 | D:3      | Found a faded altar of an unknown god.
  2261 | D:3      | Reached skill level 1 in Stealth
  2514 | D:4      | Reached skill level 7 in Axes
  2514 | D:4      | Reached XP level 7. HP: 19/61 MP: 6/6
  2594 | D:4      | Upgraded the game from 0.21-a0-496-g696f58f537 to 0.21-a0-518-g43a1781948
  2944 | D:4      | Found the +3 robe of Clouds {+Fly rElec}
  3409 | D:4      | Found a staircase to the Ecumenical Temple.
  3567 | Temple   | Entered the Ecumenical Temple
  3646 | D:5      | Entered Level 5 of the Dungeon
  3758 | D:5      | Reached skill level 8 in Axes
  3758 | D:5      | Reached skill level 5 in Dodging
  3778 | D:5      | Reached XP level 8. HP: 56/70 MP: 7/7
  4028 | D:5      | Found a glowing golden altar of the Shining One.
  4042 | D:5      | Reached **** piety under Trog
  4094 | D:5      | Found a sacrificial altar of Ru.
  4272 | D:5      | Found a stormy altar of Qazlal.
  4382 | D:6      | Reached skill level 9 in Axes
  4892 | D:7      | Found a snail-covered altar of Cheibriados.
  4989 | D:7      | Reached skill level 10 in Axes
  5059 | D:7      | Reached ***** piety under Trog
  5072 | D:7      | Reached XP level 9. HP: 52/79 MP: 8/8
  5248 | D:7      | Noticed Veteran's ghost (novice SpEn)
  5254 | D:7      | Killed Veteran's ghost
  5281 | D:7      | Reached skill level 1 in Short Blades
  5584 | D:8      | Noticed a two-headed ogre
  5593 | D:8      | Mangled by a two-headed ogre

Vault maps used:
D:1:      minmay_arrival_three_doors
D:2:      nicolae_overflow_hidden_temple, vehumet_crystals, uniq_sigmund
D:3:      nicolae_gozag_seed_capital, chequers_ecumenical_altar_twisty,
          kennysheep_another_room
D:4:      temple_statues, first_bread
D:5:      nicolae_qazlal_eye_of_the_storm, kennysheep_mini_moat,
          hangedman_ru_absence
D:7:      marbit_many_paths
D:8:      kennysheep_steamy, lemuel_crystal_altar, blue_anna_alchemist,
          minivault_23, eino_jars, uniq_joseph
Temple:   cyrus_circular_temple

Skill      XL: |  1  2  3  4  5  6  7  8  9 |
---------------+----------------------------+-----
Axes           | 4 5 6 7 8 10 | 10.6
Fighting       | 4 5 6 7 |  7.5
Dodging        | 3 4 5 6 |  6.7
Stealth        | 1 2 3 |  3.3
Short Blades   | 1 |  1.0
Long Blades    | |  0.5
Armour         | |  2.9

Action                   |  1- 3 |  4- 6 |  7- 9 || total
-------------------------+-------+-------+-------++-------
Melee: Hand axe          |    59 |   122 |   142 ||   323
       Headbutt          |     9 |    25 |    40 ||    74
       Short sword       |    19 |       |    28 ||    47
       Falchion          |       |       |    20 ||    20
Invok: Berserk           |     1 |     1 |     7 ||     9
       Trog's Hand       |     1 |     1 |     1 ||     3
  Use: Scroll            |     2 |     1 |     2 ||     5
       Potion            |       |       |     1 ||     1
 Stab: Sleeping          |       |     2 |     2 ||     4
  Eat: Chunk             |       |     8 |    14 ||    22
Armor: Animal skin       |    15 |    12 |     5 ||    32
       Robe              |       |       |    46 ||    46
Dodge: Dodged            |    59 |    64 |    98 ||   221
       Rpst.: Falchion   |       |       |     2 ||     2

Table legend:
 A = Spawn XP
 B = Non-spawn XP
 C = Spawn XP percentage of total XP
 D = Spawn monster count
 E = Non-spawn monster count
 F = Spawn count percentage of total count
 G = Total turns spent on level
                    A         B        C        D         E        F      G
               +---------+---------+-------+---------+---------+-------+---------
         Total |       0 |    3458 |   0.0 |       0 |     170 |   0.0 |  5593
               +---------+---------+-------+---------+---------+-------+---------
           D:1 |       0 |      53 |   0.0 |       0 |      27 |   0.0 |   853
           D:2 |       0 |     352 |   0.0 |       0 |      37 |   0.0 |   959
           D:3 |       0 |      46 |   0.0 |       0 |      19 |   0.0 |   660
           D:4 |       0 |     611 |   0.0 |       0 |      22 |   0.0 |  1122
           D:5 |       0 |     738 |   0.0 |       0 |      20 |   0.0 |   735
           D:6 |       0 |     481 |   0.0 |       0 |      18 |   0.0 |   451
           D:7 |       0 |    1092 |   0.0 |       0 |      22 |   0.0 |   747
           D:8 |       0 |      85 |   0.0 |       0 |       5 |   0.0 |    14
               +---------+---------+-------+---------+---------+-------+---------
